 Dungeon Crawl Stone Soup version 0.24.0-125-gc4c63601f3 (webtiles) character file.

Game seed: 18277274399833088535, levelgen mode: deterministic

59 Descartes the Scratcher (level 3, -2/15 HPs)
             Began as a Felid Transmuter on Feb 19, 2020.
             Slain by a gnoll (8 damage)
             ... on level 4 of the Dungeon.
             The game lasted 00:03:11 (1446 turns).

Descartes the Scratcher (Felid Transmuter)          Turns: 1446, Time: 00:03:12

Health: -2/15      AC:  1    Str:  7    XL:     3   Next: 78%
Magic:  7/7        EV: 18    Int: 14    God:
Gold:   48         SH:  0    Dex: 16    Spells: 5/6 levels left
                                        Lives:  0   Deaths: 0

rFire    . . .     SeeInvis +     - Unarmed
rCold    . . .     Gourm    .   (shield unavailable)
rNeg     . . .     Faith    .   (armour unavailable)
rPois    .         Spirit   .   (helmet unavailable)
rElec    .         Reflect  .   (cloak unavailable)
rCorr    .         Harm     .   (gloves unavailable)
MR       .....                  (boots unavailable)
Stlth    +++.......             (no amulet)
HPRegen  0.05/turn              (no ring)
MPRegen  0.10/turn              (no ring)

@: quick
A: very small, no armour, no weapons or thrown items, stealth, claws 1, fangs 3,
see invisible, carnivore, speed 1, shaggy fur 1, slow metabolism 1, sharp paws
a: no special abilities


You were on level 4 of the Dungeon.
You were completely stuffed.

You visited 1 branch of the dungeon, and saw 3 of its levels.

You collected 48 gold pieces.

Inventory:

Missiles
 a - 37 arrows
Jewellery
 f - an uncursed amulet of harm {unknown}
Scrolls
 d - a scroll of remove curse
 h - a scroll of amnesia
Potions
 b - a potion of might {unknown}
 e - a potion of agility {unknown}
 i - a potion of cancellation {unknown}
 j - a potion of heal wounds {unknown}
 k - a potion of lignification {unknown}
Comestibles
 c - 5 rations


   Skills:
 + Level 1.4 Fighting
 + Level 3.1 Dodging
 * Level 2.5 Stealth
 * Level 3.5 Unarmed Combat
 + Level 2.2 Spellcasting
 + Level 2.5 Transmutations


You had 5 spell levels left.
You knew the following spells:

 Your Spells              Type           Power        Failure   Level  Hunger
a - Beastly Appendage     Tmut           #.....       9%          1    #......

Your spell library contained the following spells:

 Spells                   Type           Power        Failure   Level  Hunger
 Sticks to Snakes         Tmut           #.......     12%         2    ###....
 Spider Form              Tmut/Pois      #.........   38%         3    ###....
 Ice Form                 Ice/Tmut       #.......     80%         4    #####..
 Blade Hands              Tmut           #.........   92%         5    ######.


Dungeon Overview and Level Annotations

Branches:
Dungeon (4/15)
 Temple: D:4-7

Altars:
Elyvilon
Xom
Zin

Portals:
Ossuary: D:4


Innate Abilities, Weirdness & Mutations

You cannot wear armour.
You are incapable of wielding weapons or throwing items.
Your paws allow you to move quietly. (Stealth)
You have sharp claws.
You have razor-sharp teeth.
You have supernaturally acute eyesight. (SInv)
You are carnivorous and can eat meat at any time.
You cover ground quickly.
You are covered in fur. (AC +1)
You have a slow metabolism.
Your sharp claws are effective at attacking unaware monsters.


Message History

Found a stone staircase leading up.
j - a puce potion
Found an escape hatch in the floor.
Found an escape hatch in the ceiling.
k - an emerald potion You hear the brisk hiss of a distant avalanche of sand.
Found a stone staircase leading down.
All of the chunks of flesh in your inventory have rotted away.
Found a stone staircase leading up.
Found a stone staircase leading down.
Found a stone staircase leading down.
You hear the brisk hiss of an avalanche of sand.
A gnoll comes into view. 3 gnolls come into view.
The gnoll shouts! x3
Found a ring mail.
The gnoll hits you. The gnoll closely misses you. The gnoll hits you!
Ouch! That really hurt!
You die...

..##.####.......>..<..........#..
#.##..........................#..
#..#..........#######...........
..#...........# ∩. #....#.#....
.##..#........# .. #...####....
.#####........# .# #...# ... ..#
........# .# #..## .. ..#
##..#...###.###..# ...#
####.....@....... ...#
##..#gg#..#... #### ##.#..g.....
# ...[..g..... ##...........
#.##........ ######.....# ##..#


You could see 4 gnolls.

Vanquished Creatures
  A hound (D:4)
  An adder (D:4)
  A dart slug (D:1)
  4 bats
  2 giant cockroaches (D:1)
  2 goblins (D:2)
  4 hobgoblins (D:1)
  A frilled lizard (D:4)
  4 kobolds
  A rat (D:2)
21 creatures vanquished.

Notes
Turn   | Place    | Note
-------+----------+-------------------------------------------
     0 | D:1      | Descartes the Felid Transmuter began the quest for the Orb.
     0 | D:1      | Reached XP level 1. HP: 9/9 MP: 4/4
   334 | D:1      | Reached skill level 1 in Stealth
   362 | D:1      | Reached XP level 2. HP: 11/12 MP: 6/6
   982 | D:2      | Noticed an angel
   983 | D:2      | Found a glowing silver altar of Zin.
   983 | D:2      | Found a shimmering altar of Xom.
  1064 | D:2      | Found a white marble altar of Elyvilon.
  1077 | D:2      | You fall into a shaft and drop 2 floors!
  1143 | D:4      | Reached XP level 3. HP: 7/15 MP: 7/7
  1280 | D:4      | Noticed an ogre
  1446 | D:4      | Found a sand-covered staircase.
  1446 | D:4      | Slain by a gnoll

Levels and vault maps discovered:
D:1:      saegor_arrival_simple_c, layout_loops_corners, minmay_pentomino_t2
D:2:      layout_basic, grunt_temple_overflow_order_and_chaos_1,
          elyvilon_altar_4
D:4:      layout_cave_pools, enter_ossuary_4

Skill      XL: |  1  2 |
---------------+-------+-----
Stealth        | 1 2 |  2.5
Dodging        | 3 |  3.1
Fighting       | |  1.4
Unarmed Combat | |  3.5
Spellcasting   | |  2.2
Transmutations | |  2.5

Action                   || total
-------------------------++-------
Melee: Unarmed           ||    61
       Bite              ||     1
       Punch             ||     1
  Use: Scroll            ||     4
 Stab: Sleeping          ||     5
  Eat: Chunk             ||     8
Armor: Skin              ||     4
Dodge: Dodged            ||    53
